 Dungeon Sprint DCSS version 0.29-a0-356-g7bc237e783 (webtiles) character file.

Game seed: 13064969447012657153

17200000 Zeldest the Axe Maniac (level 27, -28/273 HPs)
             Began as a Ghoul Warper on Apr 25, 2022.
             Was the Champion of Makhleb.
             Killed from afar by an observer (49 damage)
             ... with a fireball
             ... in the Dungeon (Sprint VIII: "Arena of Blood").
             The game lasted 00:07:28 (172 turns).

Zeldest the Axe Maniac (Ghoul Warper)                Turns: 172, Time: 00:07:28

Health: -28/273    AC:  6    Str: 19    XL:     27
Magic:  50/53      EV: 30    Int:  8    God:    Makhleb [******]
Gold:   0          SH:  0    Dex: 18    Spells: 80/80 levels left

rFire   + . .      SeeInvis .   i - +∞ Axe of Woe
rCold   + . .      Faith    .   (shield currently unavailable)
rNeg    + + +      Spirit   .   b - +0 leather armour
rPois   ∞          Reflect  .   (no helmet)
rElec   .          Harm     .   (no cloak)
rCorr   .          Rampage  .   (no gloves)
Will    ++...      NoTele   +   (no boots)
Stlth   +++++++++.              (no amulet)
HPRegen 0.00/turn               j - ring of protection from fire
MPRegen 0.33/turn               (no ring)

@: inhibited regen, hasted and slowed
A: claws 1, cold resistance 1, negative energy resistance 3, inhibited
regeneration, torment resistance 2, devour on kill
a: Renounce Religion, Minor Destruction, Lesser Servant of Makhleb, Major
Destruction, Greater Servant of Makhleb


You were in the Dungeon.
You worshipped Makhleb.
Makhleb was exalted by your worship.
You visited 1 branch

Inventory:

Hand Weapons
 a - a +0 hand axe
 i - the +∞ Axe of Woe (weapon)
   (You found it in the Dungeon)
Missiles
 d - 7 boomerangs of dispersal (quivered)
Armour
 b - a +0 leather armour (worn)
Jewellery
 j - a ring of protection from fire (left claw)
Potions
 e - a potion of curing
 h - 2 potions of magic


   Skills:
 O Level 27 Fighting
 O Level 27 Short Blades
 O Level 27 Long Blades
 O Level 27 Axes
 O Level 27 Maces & Flails
 O Level 27 Polearms
 O Level 27 Staves
 O Level 27 Slings
 O Level 27 Bows
 O Level 27 Crossbows
 O Level 27 Throwing
 O Level 27 Armour
 O Level 27 Dodging
 O Level 27 Stealth
 O Level 27 Shields
 O Level 27 Unarmed Combat
 O Level 27 Spellcasting
 O Level 27 Conjurations
 O Level 27 Hexes
 O Level 27 Summonings
 O Level 27 Necromancy
 O Level 27 Translocations
 O Level 27 Transmutations
 O Level 27 Fire Magic
 O Level 27 Ice Magic
 O Level 27 Air Magic
 O Level 27 Earth Magic
 O Level 27 Poison Magic
 O Level 27 Invocations
 O Level 27 Evocations


You had 80 spell levels left.
You didn't know any spells.
Your spell library contained the following spells:

 Spells                   Type           Power      Damage    Failure   Level
 Blink                    Tloc           100%       N/A       0%          2
 Gell's Gravitas          Tloc           52%        N/A       0%          3
 Lesser Beckoning         Tloc           52%        N/A       0%          3
 Teleport Other           Tloc           52%        N/A       0%          3
 Manifold Assault         Tloc           52%        N/A       0%          5


Dungeon Overview and Level Annotations

Branches:
Dungeon (1/1)

Altars:
Makhleb


Innate Abilities, Weirdness & Mutations

You are immune to poison.
You have sharp fingernails.
Your flesh is cold resistant. (rC+)
You are immune to negative energy. (rN+++)
You do not regenerate when monsters are visible.
You are immune to unholy pain and torment.
You thrive by killing the living.


Message History

The destroyer blinks!
You hear a shout! x2
The fleshlord shouts!
The eight-headed meat hydra roars!
You hit the destroyer but do no damage.
You dissect the destroyer like a pig carcass.
You destroy the destroyer!
Makhleb accepts your kill.
You feel better.
The eight-headed meat hydra appears out of thin air!
An eight-headed meat hydra comes into view.
The eight-headed meat hydra roars!
You hear a shout! x3
A dread comes into view.
You hear a shout!
You feel much better.
A scourge comes into view.
A meat beast comes into view.
You hear a shout! x2; You feel something staring at you.
Something smites you!
The meat beast moves out of view.
You hear a shout!
You feel something staring at you.
A fireball appears from out of thin air!
The fireball explodes!
The fireball engulfs you!!! You resist.
* * * LOW HITPOINT WARNING * * *
You hear an angry hiss.
You feel yourself speed up.
You hear a shout!
You feel something staring at you. Something smites you!
* * * LOW HITPOINT WARNING * * *
You hear a shout! x2
The fleshlord mumbles some strange words.
The fleshlord seems to speed up.
The fleshlord mumbles some strange words.
The fleshlord seems to speed up.
The scourge throws poison sting at you. The poison arrow hits you!!
You partially resist.
* * * LOW HITPOINT WARNING * * *
Okay, then.
Found a notched peridot ring.
You hear a shout! x2; You feel something staring at you.
A fireball appears from out of thin air!
The fireball explodes!
The fireball engulfs you!!! You resist.
You die...

....o.......#...#......##..#
...........#....#.o...## ..#
.S##.....#pD...# . #...
#....##. ..#...###....#. ..
......p....#... ...
......).oD..... .##
##.{....... ## #@......###
...........#### =.......####
#########


You could see 2 eight-headed meat hydras, 2 fleshlords and 2 bags of meat.

Vanquished Creatures
  5 hell knights (D)
  Sigmund (D)
  23 hell beasts (D)
  Edmund (D)
  14 royal mummies (D)
  13 great orbs of eyes (D)
  16 wraiths (D)
  Harold (D)
  30 vampire knights (D)
  67 ogres (D)
  14 two-headed ogres (D)
  17 liches (D)
  13 hydras (D)
  12 phantoms (D)
  146 orcs (D)
  12 skeletal warriors (D)
  5 sea snakes (D)
390 creatures vanquished.

Notes
Turn   | Place    | Note
-------+----------+-------------------------------------------
     0 | D        | Found the +∞ Axe of Woe
     0 | D        | Zeldest the Ghoul Warper began the quest for the Orb.
     0 | D        | Reached XP level 1. HP: 17/17 MP: 2/2
     1 | D        | Noticed a bag of meat
     1 | D        | Noticed a bag of meat
     2 | D        | Noticed a bag of meat
     2 | D        | Noticed a bag of meat
     3 | D        | Became a worshipper of Makhleb the Destroyer
     3 | D        | Noticed a bag of meat
     4 | D        | Noticed a meat berserker
     4 | D        | Noticed a bag of meat
     5 | D        | Noticed a bag of meat
     6 | D        | Killed a bag of meat
     6 | D        | Noticed a meat berserker
     6 | D        | Noticed a bag of meat
     7 | D        | Reached skill level 10 in Fighting
     7 | D        | Reached skill level 10 in Invocations
     7 | D        | Reached XP level 2. HP: 39/39 MP: 2/10
     7 | D        | Reached XP level 3. HP: 46/46 MP: 2/11
     7 | D        | Reached XP level 4. HP: 52/52 MP: 2/13
     7 | D        | Reached XP level 5. HP: 59/59 MP: 2/14
     7 | D        | Reached XP level 6. HP: 67/67 MP: 2/16
     7 | D        | Reached XP level 7. HP: 73/73 MP: 2/17
     7 | D        | Reached XP level 8. HP: 80/80 MP: 2/19
     7 | D        | Reached XP level 9. HP: 86/86 MP: 2/20
     7 | D        | Reached XP level 10. HP: 94/94 MP: 2/21
     7 | D        | Reached XP level 11. HP: 101/101 MP: 2/22
     7 | D        | Noticed a meat berserker
     7 | D        | Noticed a meat berserker
     8 | D        | Killed a meat berserker
     8 | D        | Reached * piety under Makhleb
     8 | D        | Noticed a bag of meat
     8 | D        | Noticed a bag of meat
     8 | D        | Noticed a meat berserker
     8 | D        | Noticed a bag of meat
     8 | D        | Noticed a bag of meat
     9 | D        | Reached skill level 15 in Axes
     9 | D        | Reached skill level 10 in Armour
     9 | D        | Reached skill level 10 in Spellcasting
     9 | D        | Reached XP level 12. HP: 32/115 MP: 2/25
     9 | D        | Killed a bag of meat
     9 | D        | Killed a meat berserker
     9 | D        | Killed a bag of meat
     9 | D        | Reached ** piety under Makhleb
     9 | D        | Killed a bag of meat
     9 | D        | Noticed a meat berserker
     9 | D        | Noticed a bag of meat
    10 | D        | Reached XP level 13. HP: 129/129 MP: 2/28
    10 | D        | Reached XP level 14. HP: 137/137 MP: 2/29
    10 | D        | Killed a bag of meat
    10 | D        | Killed a bag of meat
    10 | D        | Reached *** piety under Makhleb
    10 | D        | Killed a meat berserker
    10 | D        | Noticed a bag of meat
    10 | D        | Noticed a bag of meat
    10 | D        | Noticed a bag of meat
    11 | D        | Reached skill level 15 in Armour
    11 | D        | Reached skill level 15 in Dodging
    11 | D        | Reached skill level 15 in Translocations
    11 | D        | Reached XP level 15. HP: 149/149 MP: 2/32
    11 | D        | Noticed a meat berserker
    13 | D        | Killed a meat berserker
    13 | D        | Reached **** piety under Makhleb
    13 | D        | Noticed a meat berserker
    14 | D        | Reached skill level 15 in Spellcasting
    14 | D        | Reached XP level 16. HP: 133/160 MP: 3/34
    14 | D        | Killed a meat berserker
    14 | D        | Killed a meat berserker
    14 | D        | Noticed a meat berserker
    15 | D        | Reached XP level 17. HP: 173/173 MP: 3/36
    15 | D        | Killed a meat berserker
    15 | D        | Reached ***** piety under Makhleb
    16 | D        | Noticed a meat berserker
    17 | D        | Reached XP level 18. HP: 187/187 MP: 3/39
    17 | D        | Noticed a meat berserker
    17 | D        | Noticed a destroyer
    18 | D        | Noticed a meat berserker
    18 | D        | Killed a meat berserker
    18 | D        | Reached ****** piety under Makhleb
    19 | D        | Reached skill level 27 in Axes
    19 | D        | Noticed a meat berserker
    19 | D        | Killed a destroyer
    19 | D        | Noticed a destroyer
    20 | D        | Reached XP level 19. HP: 206/206 MP: 4/43
    20 | D        | Noticed a meat berserker
    20 | D        | Killed a meat berserker
    20 | D        | Noticed a large bag of meat
    21 | D        | Reached skill level 27 in Fighting
    21 | D        | Reached skill level 27 in Invocations
    21 | D        | Reached XP level 20. HP: 216/216 MP: 4/46
    21 | D        | Noticed a meat berserker
    21 | D        | Noticed a meat berserker
    22 | D        | Noticed a destroyer
    22 | D        | Killed a meat berserker
    23 | D        | Noticed a large bag of meat
    24 | D        | Killed a meat berserker
    24 | D        | Killed a meat berserker
    24 | D        | Killed a meat berserker
    25 | D        | Reached skill level 5 in Long Blades
    25 | D        | Reached skill level 27 in Armour
    25 | D        | Reached skill level 27 in Dodging
    25 | D        | Reached skill level 5 in Unarmed Combat
    25 | D        | Reached skill level 5 in Necromancy
    25 | D        | Reached skill level 5 in Ice Magic
    25 | D        | Reached skill level 5 in Earth Magic
    25 | D        | Reached skill level 5 in Poison Magic
    25 | D        | Reached XP level 21. HP: 224/224 MP: 5/49
    25 | D        | Killed a large bag of meat
    26 | D        | Reached skill level 27 in Translocations
    26 | D        | Noticed a meat berserker
    26 | D        | Killed a meat berserker
    27 | D        | Reached skill level 10 in Stealth
    27 | D        | Reached XP level 22. HP: 233/233 MP: 6/50
    27 | D        | Killed a destroyer
    28 | D        | Reached skill level 10 in Unarmed Combat
    28 | D        | Reached skill level 10 in Ice Magic
    28 | D        | Reached skill level 10 in Earth Magic
    29 | D        | Reached skill level 10 in Short Blades
    29 | D        | Reached skill level 10 in Long Blades
    29 | D        | Reached skill level 10 in Maces & Flails
    29 | D        | Reached skill level 10 in Polearms
    29 | D        | Reached skill level 10 in Staves
    29 | D        | Reached skill level 10 in Slings
    29 | D        | Reached skill level 10 in Bows
    29 | D        | Reached skill level 10 in Crossbows
    29 | D        | Reached skill level 10 in Throwing
    29 | D        | Reached skill level 10 in Shields
    29 | D        | Reached skill level 10 in Summonings
    29 | D        | Reached skill level 10 in Transmutations
    29 | D        | Reached skill level 10 in Evocations
    29 | D        | Reached XP level 23. HP: 240/240 MP: 6/52
    31 | D        | Noticed a destroyer
    32 | D        | Reached skill level 10 in Conjurations
    32 | D        | Reached skill level 10 in Hexes
    32 | D        | Reached skill level 10 in Fire Magic
    32 | D        | Reached skill level 10 in Air Magic
    32 | D        | Killed a destroyer
    35 | D        | Reached skill level 15 in Stealth
    35 | D        | Reached XP level 24. HP: 190/249 MP: 8/52
    35 | D        | Killed a large bag of meat
    36 | D        | Reached skill level 15 in Unarmed Combat
    36 | D        | Reached skill level 15 in Ice Magic
    36 | D        | Reached skill level 15 in Earth Magic
    36 | D        | Noticed a large bag of meat
    37 | D        | Noticed a destroyer
    38 | D        | Killed a destroyer
    39 | D        | Reached skill level 27 in Spellcasting
    39 | D        | Killed a destroyer
    40 | D        | Reached skill level 15 in Necromancy
    40 | D        | Reached skill level 15 in Poison Magic
    41 | D        | Reached XP level 25. HP: 257/257 MP: 9/53
    42 | D        | Reached skill level 15 in Summonings
    42 | D        | Noticed a destroyer
    43 | D        | Reached skill level 15 in Short Blades
    43 | D        | Reached skill level 15 in Long Blades
    43 | D        | Reached skill level 15 in Maces & Flails
    43 | D        | Reached skill level 15 in Polearms
    43 | D        | Reached skill level 15 in Staves
    43 | D        | Reached skill level 15 in Slings
    43 | D        | Reached skill level 15 in Bows
    43 | D        | Reached skill level 15 in Crossbows
    43 | D        | Reached skill level 15 in Throwing
    43 | D        | Reached skill level 15 in Shields
    43 | D        | Reached skill level 15 in Transmutations
    43 | D        | Reached skill level 15 in Evocations
    44 | D        | Killed a destroyer
    46 | D        | Noticed a tyrant
    47 | D        | Reached skill level 15 in Conjurations
    47 | D        | Reached skill level 15 in Hexes
    47 | D        | Reached skill level 15 in Fire Magic
    47 | D        | Reached skill level 15 in Air Magic
    47 | D        | Reached XP level 26. HP: 266/266 MP: 11/53
    47 | D        | Noticed a tyrant
    48 | D        | Noticed a tyrant
    50 | D        | Noticed a destroyer
    51 | D        | Killed a large bag of meat
    51 | D        | Noticed a tyrant
    54 | D        | Reached XP level 27. HP: 228/273 MP: 13/53
    54 | D        | Killed a tyrant
    54 | D        | Killed a tyrant
    55 | D        | Killed a destroyer
    56 | D        | Killed a tyrant
    57 | D        | Noticed a tyrant
    59 | D        | Noticed a dread
    59 | D        | Killed a dread
    60 | D        | Noticed The Captor
    60 | D        | Noticed a meat beast
    60 | D        | Noticed a destroyer
    64 | D        | Killed a tyrant
    66 | D        | Killed a destroyer
    66 | D        | Noticed a dread
    67 | D        | Noticed a tyrant
    67 | D        | Noticed a meat beast
    69 | D        | Killed a meat beast
    71 | D        | Killed a meat beast
    71 | D        | Noticed an accursed
    71 | D        | HP: 11/273 [The Captor/+9 vorpal triple sword (61)]
    71 | D        | Noticed a destroyer
    72 | D        | Reached skill level 27 in Stealth
    72 | D        | Killed The Captor
    72 | D        | Noticed a meat beast
    72 | D        | Noticed a dread
    73 | D        | Reached skill level 27 in Unarmed Combat
    73 | D        | Reached skill level 27 in Ice Magic
    73 | D        | Reached skill level 27 in Earth Magic
    73 | D        | Noticed a meat beast
    74 | D        | Killed a tyrant
    74 | D        | Noticed The Servant
    76 | D        | Noticed a dread
    76 | D        | Noticed a meat beast
    77 | D        | Killed a meat beast
    77 | D        | Noticed a destroyer
    78 | D        | Killed a meat beast
    78 | D        | Noticed a dread
    79 | D        | Reached skill level 27 in Necromancy
    79 | D        | Reached skill level 27 in Poison Magic
    79 | D        | Killed a destroyer
    79 | D        | Noticed a meat beast
    80 | D        | Killed a dread
    80 | D        | Noticed a destroyer
    80 | D        | Noticed a dread
    81 | D        | Killed a meat beast
    81 | D        | Noticed a dread
    82 | D        | Reached skill level 27 in Short Blades
    82 | D        | Reached skill level 27 in Long Blades
    82 | D        | Reached skill level 27 in Maces & Flails
    82 | D        | Reached skill level 27 in Polearms
    82 | D        | Reached skill level 27 in Staves
    82 | D        | Reached skill level 27 in Slings
    82 | D        | Reached skill level 27 in Bows
    82 | D        | Reached skill level 27 in Crossbows
    82 | D        | Reached skill level 27 in Throwing
    82 | D        | Reached skill level 27 in Shields
    82 | D        | Reached skill level 27 in Summonings
    82 | D        | Reached skill level 27 in Transmutations
    82 | D        | Reached skill level 27 in Evocations
    82 | D        | Killed a dread
    83 | D        | Killed a destroyer
    84 | D        | Reached skill level 27 in Conjurations
    84 | D        | Reached skill level 27 in Hexes
    84 | D        | Reached skill level 27 in Fire Magic
    84 | D        | Reached skill level 27 in Air Magic
    84 | D        | Killed a meat beast
    84 | D        | Killed a dread
    84 | D        | Noticed a meat beast
    85 | D        | Noticed a meat beast
    85 | D        | Killed a destroyer
    85 | D        | Noticed a meat beast
    85 | D        | Noticed an accursed
    86 | D        | Noticed an accursed
    86 | D        | Noticed a meat beast
    88 | D        | Killed The Servant
    88 | D        | Killed a dread
    89 | D        | Killed a meat beast
    89 | D        | Killed a dread
    90 | D        | Noticed a meat beast
    90 | D        | Killed a meat beast
    90 | D        | Killed a meat beast
    91 | D        | Killed a meat beast
    91 | D        | Noticed a meat beast
    92 | D        | Killed a dread
    92 | D        | Noticed a destroyer
    93 | D        | Noticed a meat beast
    93 | D        | Noticed a tyrant
    94 | D        | Noticed a destroyer
    95 | D        | Killed a meat beast
    95 | D        | Noticed an accursed
    95 | D        | Noticed an accursed
    95 | D        | Noticed a destroyer
    95 | D        | Noticed a tyrant
    96 | D        | Noticed a meat beast
    96 | D        | Noticed a large bag of meat
    96 | D        | Noticed a destroyer
    97 | D        | Killed a meat beast
    97 | D        | Noticed an accursed
    98 | D        | Killed a meat beast
    98 | D        | Noticed a meat beast
    98 | D        | Noticed an accursed
    99 | D        | Killed an accursed
    99 | D        | Killed an accursed
    99 | D        | Noticed a large bag of meat
    99 | D        | Noticed a dread
   100 | D        | Killed a destroyer
   100 | D        | Noticed a dread
   100 | D        | Noticed an accursed
   100 | D        | Noticed an accursed
   100 | D        | Noticed a large bag of meat
   101 | D        | Killed an accursed
   101 | D        | Killed a meat beast
   101 | D        | Noticed a destroyer
   101 | D        | Noticed an accursed
   102 | D        | Noticed a meat beast
   102 | D        | Killed a destroyer
   102 | D        | Noticed a meat beast
   103 | D        | Noticed a destroyer
   103 | D        | Noticed a meat beast
   103 | D        | Noticed a dread
   103 | D        | Noticed a tyrant
   104 | D        | Noticed a meat beast
   104 | D        | Noticed a large bag of meat
   105 | D        | Noticed a meat beast
   105 | D        | Noticed a large bag of meat
   105 | D        | Killed a destroyer
   105 | D        | Noticed an accursed
   105 | D        | Noticed a tyrant
   106 | D        | Killed an accursed
   106 | D        | Killed a dread
   107 | D        | Noticed a meat beast
   107 | D        | Killed a meat beast
   107 | D        | Killed a destroyer
   107 | D        | Killed a tyrant
   108 | D        | Killed a meat beast
   108 | D        | Killed an accursed
   108 | D        | Noticed a tyrant
   109 | D        | Killed a meat beast
   109 | D        | Killed a tyrant
   109 | D        | Killed a large bag of meat
   109 | D        | Noticed a destroyer
   109 | D        | Noticed a large bag of meat
   110 | D        | Killed a meat beast
   110 | D        | Killed a dread
   110 | D        | Killed a meat beast
   111 | D        | Noticed a destroyer
   111 | D        | Killed a destroyer
   111 | D        | Killed a destroyer
   111 | D        | Noticed a large bag of meat
   112 | D        | Noticed a destroyer
   112 | D        | Noticed a destroyer
   113 | D        | Noticed a destroyer
   113 | D        | Noticed a large bag of meat
   113 | D        | Killed a dread
   113 | D        | Noticed an accursed
   114 | D        | Killed a large bag of meat
   114 | D        | Killed a large bag of meat
   114 | D        | Killed a large bag of meat
   114 | D        | Killed an accursed
   114 | D        | Noticed a meat beast
   115 | D        | Noticed a destroyer
   115 | D        | Killed a meat beast
   115 | D        | Killed a destroyer
   115 | D        | Killed a destroyer
   115 | D        | Killed a meat beast
   116 | D        | Noticed a large bag of meat
   116 | D        | Killed an accursed
   116 | D        | Noticed a tyrant
   116 | D        | Noticed a destroyer
   117 | D        | Killed a large bag of meat
   117 | D        | Killed a meat beast
   117 | D        | Noticed a large bag of meat
   118 | D        | Killed a destroyer
   118 | D        | Killed an accursed
   119 | D        | Killed an accursed
   119 | D        | Killed a tyrant
   119 | D        | Killed a destroyer
   119 | D        | Killed a tyrant
   120 | D        | Noticed a destroyer
   120 | D        | Noticed a dread
   120 | D        | Noticed a destroyer
   120 | D        | Noticed an accursed
   121 | D        | Noticed a large bag of meat
   121 | D        | Killed a destroyer
   121 | D        | Killed a destroyer
   123 | D        | Noticed a destroyer
   123 | D        | Killed a tyrant
   123 | D        | Killed a large bag of meat
   123 | D        | Killed a large bag of meat
   123 | D        | Noticed a destroyer
   124 | D        | Killed a tyrant
   125 | D        | Killed a destroyer
   125 | D        | Killed a large bag of meat
   127 | D        | Noticed a fleshlord
   127 | D        | Killed a destroyer
   127 | D        | Killed a dread
   128 | D        | Killed a large bag of meat
   128 | D        | Killed an accursed
   128 | D        | Noticed a tyrant
   128 | D        | Noticed a fleshlord
   129 | D        | Killed a large bag of meat
   130 | D        | Killed a destroyer
   131 | D        | Noticed a dread
   131 | D        | Noticed a tyrant
   132 | D        | Killed a tyrant
   132 | D        | Killed a destroyer
   133 | D        | Killed an accursed
   133 | D        | Noticed a tyrant
   133 | D        | Noticed an accursed
   134 | D        | Noticed a dread
   134 | D        | Killed a fleshlord
   134 | D        | Noticed a fleshlord
   135 | D        | Killed a destroyer
   136 | D        | Killed a large bag of meat
   136 | D        | Noticed The Defiler
   136 | D        | Noticed a dread
   137 | D        | Killed a fleshlord
   138 | D        | Noticed a dread
   139 | D        | Noticed a fleshlord
   139 | D        | Killed a tyrant
   139 | D        | Noticed a tyrant
   143 | D        | Killed an accursed
   144 | D        | Noticed a fleshlord
   144 | D        | Killed a tyrant
   144 | D        | Killed a dread
   145 | D        | Killed an accursed
   145 | D        | Killed a dread
   145 | D        | Noticed a tyrant
   146 | D        | Killed a fleshlord
   146 | D        | Killed a dread
   147 | D        | Killed a fleshlord
   147 | D        | Killed an accursed
   149 | D        | Killed a dread
   149 | D        | Killed a tyrant
   150 | D        | Killed a tyrant
   150 | D        | Killed The Defiler
   150 | D        | Noticed a dread
   152 | D        | Killed a fleshlord
   153 | D        | Noticed a meat beast
   156 | D        | Noticed a destroyer
   157 | D        | Killed a tyrant
   157 | D        | Killed a meat beast
   157 | D        | Killed a destroyer
   159 | D        | Killed a dread
   162 | D        | Noticed a dread
   164 | D        | Noticed a destroyer
   164 | D        | Noticed a fleshlord
   166 | D        | Noticed a destroyer
   166 | D        | Noticed a fleshlord
   166 | D        | Noticed a dread
   166 | D        | Noticed a dread
   167 | D        | Noticed a fleshlord
   168 | D        | Killed a destroyer
   168 | D        | Noticed a dread
   169 | D        | Noticed a meat beast
   172 | D        | Killed from afar by an observer

Illustrated notes

Levels and vault maps discovered:
D:        meatsprint

Skill      XL: |  1  2  3  4  5  6  7  8  9 10 11 12 13 14 15 16 17 18 19 20 21 22 23 24 25 26 27 |
---------------+----------------------------------------------------------------------------------+-----
Fighting       | 10 13 16 18 19 21 22 26 27 | 27.0
Axes           | 12 15 19 21 22 24 26 27 | 27.0
Armour         | 8 10 13 15 16 17 19 23 24 27 | 27.0
Dodging        | 8 11 13 15 16 18 19 23 24 27 | 27.0
Spellcasting   | 8 10 12 14 15 16 18 21 23 25 26 27 | 27.0
Translocations | 9 11 14 15 16 18 19 23 24 26 27 | 27.0
Invocations    | 10 13 16 18 19 20 22 26 27 | 27.0
Short Blades   | 4 8 10 12 14 16 18 27 | 27.0
Long Blades    | 5 8 10 12 14 16 18 27 | 27.0
Maces & Flails | 4 8 10 12 14 16 18 27 | 27.0
Polearms       | 4 8 10 12 14 16 18 27 | 27.0
Staves         | 4 8 10 12 14 16 18 27 | 27.0
Slings         | 4 8 10 12 14 16 18 27 | 27.0
Bows           | 4 8 10 12 14 16 18 27 | 27.0
Crossbows      | 4 8 10 12 14 16 18 27 | 27.0
Throwing       | 4 8 10 12 14 16 17 27 | 27.0
Stealth        | 6 10 13 15 18 20 22 27 | 27.0
Shields        | 4 8 10 12 14 16 18 27 | 27.0
Unarmed Combat | 5 9 12 14 17 19 21 27 | 27.0
Conjurations   | 4 7 9 11 13 15 16 27 | 27.0
Hexes          | 4 7 9 11 13 15 16 27 | 27.0
Summonings     | 4 8 10 12 14 16 18 27 | 27.0
Necromancy     | 5 8 11 13 15 17 19 27 | 27.0
Transmutations | 4 8 10 12 14 16 18 27 | 27.0
Fire Magic     | 4 7 9 11 13 15 16 27 | 27.0
Ice Magic      | 5 9 12 14 17 19 21 27 | 27.0
Air Magic      | 4 7 9 11 13 15 16 27 | 27.0
Earth Magic    | 5 9 12 14 17 19 21 27 | 27.0
Poison Magic   | 5 8 11 13 15 17 19 27 | 27.0
Evocations     | 4 8 10 12 14 16 18 27 | 27.0

Action                   |  1- 3 |  4- 6 |  7- 9 | 10-12 | 13-15 | 16-18 | 19-21 | 22-24 | 25-27 || total
-------------------------+-------+-------+-------+-------+-------+-------+-------+-------+-------++-------
Melee: Executioner's axe |     1 |       |       |     2 |     3 |     5 |     5 |    12 |   108 ||   136
Invok: Greater Servant o |       |       |       |       |       |       |       |       |     1 ||     1
  Use: Scroll            |       |       |       |       |       |       |       |       |     2 ||     2
       Potion            |       |       |       |       |       |       |       |       |     2 ||     2
 Stab: Distracted        |       |       |       |       |       |       |       |       |     1 ||     1
Armor: Leather armour    |       |       |       |       |       |       |       |       |     6 ||     6
Dodge: Dodged            |       |       |       |     1 |       |       |     1 |       |    21 ||    23

Table legend: (Time is in decaauts)
 A = Elapsed time spent in this place.
 B = Non-inter-level travel time spent in this place.
 C = Inter-level travel time spent in this place.
 D = Time resting spent in this place.
 E = Time spent auto-exploring this place.
 F = Levels seen in this place.
 G = Mean time per level.
                   A        B        C        D        E       F      G
               +--------+--------+--------+--------+--------+-----+--------+
         Total |    158 |    158 |      0 |      0 |      0 |   1 |  158.0 |
       Dungeon |    158 |    158 |      0 |      0 |      0 |   1 |  158.0 |
               +--------+--------+--------+--------+--------+-----+--------+

Top non-repeatable levels by time:
       D: 158 daAuts
